Map: Oxide LE

Players

DimaL

  • Race: Terran Terran
  • League: Bronze
  • Spawn Location: 7:00

Anarchy - Winner!

  • Race: Terran Terran
  • League: Gold
  • Spawn Location: 1:00

VOD

Have the link to the VOD?

Description

Time

  • Played on: Oct. 19, 2020, 1:57 a.m.
  • Length: 21:52
Show
View Real Time Build Order
Export as new Build Order

DimaL Terran 

Build Orders:  

Get SALT Encoding   

  12  0:00  SCV  
  13  0:14  Supply Depot  
  13  0:27  SCV, Supply Depot  
  14  0:43  Supply Depot  
  14  0:48  Refinery  
  14  0:49  SCV  
  15  1:05  Barracks  
  15  1:18  SCV  
  16  1:19  Refinery  
  16  1:30  SCV  
  17  1:34  Engineering Bay  
  17  1:52  Orbital Command  
  17  1:57  Reaper  
  18  2:18  Factory  
  18  2:26  SCV  
  18  2:29  Marine  
  20  2:47  Marine  
  21  3:04  Factory Tech Lab  
  22  3:05  Reaper  
  22  3:07  Starport  
  22  3:37  Marine  
  23  3:55  Marine  
  24  4:05  Siege Tank  
  24  4:06  Starport Tech Lab  
  27  4:13  Marine  
  27  4:15  Missile Turret  
  28  4:23  Starport  
  28  4:31  Cloaking Field  
  28  4:34  Banshee  
  28  4:36  Missile Turret  
  29  5:17  Banshee  
  32  5:21  Starport Tech Lab  
  32  5:37  Command Center  
  32  5:56  Missile Turret  
  32  5:59  Banshee  
  37  6:12  Banshee  
  38  6:45  Missile Turret  
  37  7:21  Orbital Command  
  37  7:22  Refinery  
  31  7:52  Banshee  
  34  8:00  Marine  
  34  8:03  Terran Infantry Weapons Level 1  
  35  8:09  SCV  
  36  8:17  Marine  
  37  8:27  Banshee  
  40  8:35  Banshee, Marine  
  44  8:44  Supply Depot  
  44  8:47  SCV  
  45  8:53  Marine  
  45  8:54  Refinery  
  46  8:59  SCV  
  47  9:07  Supply Depot  
  47  9:11  Marine  
  48  9:17  Banshee  
  50  9:57  Terran Infantry Armor Level 1  
  50  10:00  Banshee  
  50  10:01  Missile Turret  
  53  10:11  Missile Turret, Siege Tank  
  56  10:21  Missile Turret  
  56  10:32  Missile Turret  
  56  10:42  Missile Turret  
  56  10:43  Viking  
  52  10:53  Missile Turret  
  42  11:04  Viking  
  44  11:13  Viking  
  44  11:34  Viking  
  43  11:43  Banshee  
  42  12:04  Viking  
  44  12:30  Viking  
  44  12:34  Banshee  
  49  12:48  SCV  
  50  13:00  Viking, SCV  
  54  13:12  SCV  
  54  13:17  Banshee  
  54  13:18  Fusion Core  
  57  13:24  SCV  
  57  13:30  Banshee  
  60  14:00  Viking  
  59  14:13  Banshee  
  57  14:30  Viking  
  54  14:55  Banshee  
  54  14:59  Banshee  
  60  15:08  Sensor Tower  
  60  15:15  Siege Tank  
  63  15:35  Supply Depot  
  63  15:38  Banshee  
  66  15:47  Siege Tank  
  69  15:55  Missile Turret  
  69  15:56  Battlecruiser  
  75  15:59  Supply Depot  
  75  16:14  Missile Turret  
  75  16:19  Siege Tank  
  75  16:21  Supply Depot  
  75  16:22  Battlecruiser  
  84  16:34  Missile Turret  
  84  16:35  Missile Turret  
  84  16:43  Supply Depot  
  69  19:29  Marine  
  70  19:42  Missile Turret  
  70  19:47  Marine  
  71  19:53  Battlecruiser  
  71  19:55  Battlecruiser  
  83  20:02  Missile Turret  
  83  20:05  Marine  
  84  20:22  Missile Turret  
  84  20:23  Marine  
  85  20:41  Marine  
  92  20:59  Banshee  
Show
View Real Time Build Order
Export as new Build Order

Anarchy Terran - Winner!

Build Orders:  

Get SALT Encoding   

  12  0:01  SCV  
  13  0:16  Supply Depot  
  13  0:18  SCV  
  14  0:30  SCV  
  15  0:42  SCV  
  16  0:53  Refinery  
  16  0:54  SCV  
  16  0:55  Barracks  
  17  1:06  SCV  
  18  1:18  SCV  
  18  1:22  Supply Depot  
  19  1:30  SCV  
  20  1:49  Orbital Command  
  20  1:55  Command Center  
  20  1:57  Barracks Reactor  
  20  2:17  Barracks  
  20  2:19  Barracks  
  20  2:22  SCV  
  21  2:34  SCV  
  22  2:39  Marine x2  
  24  2:46  SCV  
  25  2:58  SCV, Refinery  
  26  3:12  Bunker, Orbital Command  
  26  3:13  SCV  
  27  3:25  SCV  
  28  3:32  Barracks Tech Lab  
  28  3:33  Barracks Reactor, Marine x2  
  28  3:38  SCV  
  27  3:49  SCV  
  27  3:50  SCV  
  27  3:51  Marine x2  
  31  3:56  Marine  
  31  4:01  SCV  
  31  4:02  SCV  
  34  4:08  Supply Depot  
  34  4:09  Supply Depot, Marine x2  
  36  4:13  SCV  
  36  4:14  Marine  
  36  4:16  SCV  
  39  4:18  Marine x2  
  41  4:25  SCV  
  41  4:27  Marine x2  
  41  4:29  SCV  
  45  4:32  Factory, Marine  
  45  4:37  SCV  
  47  4:41  SCV  
  48  5:04  SCV  
  48  5:05  SCV  
  50  5:14  Marine  
  50  5:15  Marine x4  
  50  5:17  SCV x2  
  50  5:18  Factory Reactor  
  57  5:22  Starport  
  57  5:29  SCV x2  
  57  5:32  Marine  
  60  5:44  SCV x2, Engineering Bay  
  60  5:46  Engineering Bay  
  62  5:50  Refinery  
  62  5:51  Refinery  
  62  5:54  Supply Depot  
  62  5:56  Supply Depot x2  
  62  5:57  Stimpack  
  62  5:58  Supply Depot  
  62  6:08  Factory Tech Lab  
  62  6:16  SCV x2, Marine x2  
  66  6:19  Barracks  
  66  6:20  Barracks  
  66  6:22  Marine x3  
  66  6:24  Medivac x2  
  73  6:33  Marine x2  
  73  6:34  Terran Infantry Weapons Level 1  
  75  6:44  SCV  
  75  6:45  SCV  
  77  6:48  Terran Infantry Armor Level 1  
  76  7:00  Missile Turret  
  75  7:04  Missile Turret  
  73  7:20  SCV x2  
  73  7:21  Marine x4  
  79  7:24  Barracks Reactor x2  
  79  7:25  Marine  
  79  7:26  Siege Tank  
  79  7:28  Medivac x2  
  87  7:32  SCV x2  
  88  7:39  Marine  
  88  7:46  Marine x4  
  92  7:56  Marine  
  93  8:03  Marine  
  93  8:04  Supply Depot x2  
  93  8:05  Supply Depot  
  94  8:07  Armory  
  94  8:26  SCV x2, Medivac, Marine x3, Siege Tank  
  104  8:29  Marine x5  
  104  8:30  Marine  
  110  8:35  Supply Depot  
  110  8:38  SCV x2  
  112  8:43  Command Center, Marine x2  
  114  8:56  SCV x2  
  114  8:57  Marine  
  114  8:58  Marine x6  
  114  9:01  Marine x2  
  125  9:08  SCV  
  126  9:23  Supply Depot, Marine  
  126  9:26  Supply Depot  
  126  9:31  SCV  
  126  9:36  SCV  
  126  9:37  Marine  
  126  9:38  Marine  
  126  9:39  Terran Infantry Armor Level 2, Terran Infantry Weapons Level 2  
  126  9:45  SCV, Supply Depot x2, Marine x5  
  132  9:46  Supply Depot  
  132  9:47  Terran Vehicle And Ship Armor Level 1  
  132  9:48  SCV, Marine  
  132  9:49  Marine, Siege Tank  
  132  9:51  Medivac x2  
  142  9:57  SCV  
  143  10:00  Starport  
  143  10:13  Orbital Command  
  143  10:15  SCV x2  
  143  10:18  Marine x5  
  150  10:24  Refinery  
  150  10:25  Refinery  
  150  10:27  SCV x2  
  152  10:29  Missile Turret  
  151  10:39  SCV x2  
  152  11:23  SCV x2  
  152  11:24  Marine  
  152  11:25  Marine x8  
  160  11:26  Siege Tank  
  164  11:35  SCV x2  
  166  11:44  Marine x2  
  166  11:45  Marine x2  
  159  12:05  SCV  
  159  12:06  SCV, Marine  
  159  12:07  Marine x6  
  159  12:08  Marine  
  166  12:17  Supply Depot  
  166  12:19  Supply Depot  
  166  12:20  Supply Depot x2  
  166  12:21  Supply Depot  
  166  12:23  Terran Infantry Weapons Level 3, Terran Infantry Armor Level 3  
  166  12:39  SCV x2, Medivac x2, Marine x2, Supply Depot  
  166  12:40  Marine x4, Siege Tank  
  181  12:51  SCV x2  
  183  12:52  Marine x3  
  183  12:56  Marine x2  
  183  12:58  Marine x3  
  191  13:03  SCV x2  
  193  13:08  Liberator  
  193  13:12  Siege Tank  
  199  13:26  SCV  
  200  13:57  Command Center  
  197  14:10  Command Center  
  197  14:40  Starport Tech Lab  
  197  14:42  SCV x2, Marine  
  200  15:25  Planetary Fortress, Missile Turret  
  200  15:41  Refinery  
  200  15:43  Refinery  
  200  15:46  Missile Turret  
  200  15:48  Missile Turret x2  
  200  15:50  Planetary Fortress  
  200  15:57  Missile Turret  
  200  16:11  Refinery  
  200  16:12  Refinery  
  200  17:20  Raven  
  195  17:36  Command Center  
  195  17:39  Missile Turret  
  195  17:41  Missile Turret  
  184  18:16  Thor  
  184  18:19  Viking x2  
  194  18:21  Raven  
  195  19:42  Factory  
  195  19:44  Factory  
  195  20:21  Command Center  
  195  20:22  Missile Turret  
  195  20:23  Missile Turret  
  195  20:24  Refinery x2  
  195  20:38  Factory Tech Lab  
  195  20:40  Factory Tech Lab  
  195  20:55  Command Center  
  195  20:57  Missile Turret, Refinery  
  195  20:58  Missile Turret, Refinery  
  195  20:59  Missile Turret  
Tags
 
Matchup
TvT
Race
Terran
Spawn Locations
Cross Positions
Add a new tag
Caveats
  • Supply blocks, unpowered buildings, or Contaminate may cause inaccurate times.
  • Supply counts are checked every 10 seconds.